AoeStats
← 吹尽凡尘心

MegaRandom

506149776Analyzed
4v4 RM · 21d ago on Sep 12, 2026· 9m 12s· 8 players
Game mode
Random Map
Map size
Large (8 player)
Population
200
Speed
Normal
Resources
Standard
Victory
Conquest
Starting age
Dark Age
Ending age
Imperial Age
RankedLock teamsTeams togetherTeam positionsShared explorationLock speedFull tech treeHidden civsTurbo modeCheats
Victory
Defeat
🇹🇷 Armenians · Türkiye
1573
+14
🇵🇪 Ethiopians · Peru
1480
+18
🇹🇷 Bohemians · Türkiye
1440
+19
🇦🇷 Burgundians · Argentina
1395
+20
🇯🇵 Khmer · Japan
1598
-21
🇨🇳 Spanish · China
1505
-18
🇨🇳 Berbers · China
1496
-17
1450
-15
网恋被骗50块
5:27 Loom
うーぺー
6:16 Loom
8:58 Feudal Age
9:01 Man-at-Arms
9:33 Double-Bit Axe
吹尽凡尘心
TEUTONEN(儒门学习版)
1:34 Loom
tirtil
7:30 Loom
9:55 Feudal Age
B.R D10Sito
10:24 Feudal Age
swipp
8:14 Loom
10:22 Feudal Age
ElTitanSargeras
5:26 Loom
6:09 Loom
8:29 Feudal Age
Connection lost

Rejoining the realm…

Still unreachable

The connection could not be restored.

Session expired

The server has moved on; the page needs a fresh start.